 Seeded DCSS version 0.26-a0-720-g2a1d101370 (webtiles) character file.

Game seed: 10139336263790539269 (custom seed)

698896 karrick the Victor of a Thousand Battles (level 27, -9/303 HPs)
             Began as a Demonspawn Gladiator on Nov 4, 2020.
             Was the Champion of Okawaru.
             Mangled by Osonuumm the pandemonium lord (43 damage)
             ... in Pandemonium on Nov 5, 2020.
             The game lasted 04:25:49 (63602 turns).

karrick the Victor of a Thousand Battles (DsGl)    Turns: 63602, Time: 04:25:50

Health: -9/303     AC: -14   Str: 32    XL:     27
Magic:  0/38       EV: 23    Int: 17    God:    Okawaru [******]
Gold:   10020      SH: 21    Dex: 21    Spells: 8/28 levels left

rFire    + . .     SeeInvis +   R - +9 broad axe (drain)
rCold    + + .     Faith    .   K - +3 warlock's mirror {reflect}
rNeg     + . .     Spirit   +   v - quicksilver dragon scales
rPois    .         Reflect  +   Z - +3 crown of Dyrovepreva {rElec Int+2 SInv}
rElec    +         Harm     .   N - +2 cloak "Eryuss" {rC+ Regen+ Str+4 Stlth-}
rCorr    .         Rampage  .   f - +2 pair of gloves of the Kangaroo {rElec rN+ Str+3}
MR       ++++.                  (boots unavailable)
Stlth    ++++......             m - amulet of Vitality {Regen+ HP+15}
HPRegen  1.40/turn              B - ring "Johulahy" {rF+ rC+ MR+ Str+5 Stlth-}
MPRegen  0.52/turn              C - +6 ring of dexterity

@: corroded
A: talons 3, large bone plates 3, clumsy 1, demonic guardian 3, robust 3, magic
shield, magic regeneration, magic link
}: 4/15 runes: decaying, serpentine, silver, abyssal
a: Heroism, Finesse, Renounce Religion


You were in Pandemonium.
You worshipped Okawaru.
Okawaru was exalted by your worship.
You visited 12 branches of the dungeon, and saw 51 of its levels.
You visited Pandemonium 1 time, and saw 1 of its levels.
You visited the Abyss 6 times.
You also visited: Bailey, Ice Cave and Wizlab.

You collected 14308 gold pieces.
You spent 4288 gold pieces at shops.

Inventory:

Hand Weapons
 w - a +4 broad axe of venom
 R - a +9 broad axe of draining (weapon)
 S - the +7 war axe "Tiylaenn" {vamp, *Noise rC++ Dex+2}
   (Okawaru gifted it to you on level 4 of the Snake Pit)

   It inflicts no extra harm, but heals its wielder when it wounds a living foe.
   It affects your dexterity (+2).
   It greatly protects you from cold.
   It may make noises in combat.
Missiles
 q - 17 silver javelins (quivered)
Armour
 a - the +3 robe of Clouds {+Thunder rCloud rElec}
   (You took it off a Cloud Mage in a wizard's laboratory)

   It insulates you from electricity.
 d - the +4 kite shield of Action {*Contam rPois rC- Dex+7}
   (Okawaru gifted it to you on level 1 of the Elven Halls)

   It affects your dexterity (+7).
   It makes you vulnerable to cold.
   It protects you from poison.
   It causes magical contamination when unequipped.
 f - the +2 pair of gloves of the Kangaroo (worn) {rElec rN+ Str+3}
   (Okawaru gifted it to you in the Vestibule of Hell)

   It affects your strength (+3).
   It insulates you from electricity.
   It protects you from negative energy.
 v - quicksilver dragon scales (worn)
 H - +4 storm dragon scales {Bai Suzhen}
 K - the +3 warlock's mirror (worn) {reflect}
   (You found it on level 9 of the Dungeon)
 N - the +2 cloak "Eryuss" (worn) {rC+ Regen+ Str+4 Stlth-}
   (You found it on level 11 of the Dungeon)

   It affects your strength (+4).
   It protects you from cold.
   It increases your rate of regeneration.
   It makes you less stealthy.
 Z - the +3 crown of Dyrovepreva (worn) {rElec Int+2 SInv}
   (You bought it in a shop on level 6 of the Dungeon)

   It affects your intelligence (+2).
   It insulates you from electricity.
   It lets you see invisible.
Jewellery
 m - the amulet of Vitality (around neck) {Regen+ HP+15}
   (You found it on level 5 of the Vaults)

   [amulet of regeneration]

   It affects your health (+15).
   It increases your rate of regeneration.
 y - the ring "Wequveda" {EV+4 Str+4}
   (You found it on level 13 of the Dungeon)

   [ring of evasion]

   It affects your evasion (+4).
   It affects your strength (+4).
 B - the ring "Johulahy" (left hand) {rF+ rC+ MR+ Str+5 Stlth-}
   (You took it off a deep elf annihilator on level 3 of the Elven Halls)

   [ring of attention]

   It affects your strength (+5).
   It protects you from fire.
   It protects you from cold.
   It affects your resistance to hostile enchantments.
   It makes you less stealthy.
 C - a +6 ring of dexterity (right hand)
 E - the macabre finger necklace {rN+}
   (You took it off an ogre mage on level 5 of the Vaults)

   [amulet of nothing]

   It protects you from negative energy.
 M - the ring of Jeot {+Inv rN+++ EV+4 Int-5}
   (You bought it in a shop on level 3 of the Vaults)

   [ring of evasion]

   It affects your evasion (+4).
   It affects your intelligence (-5).
   It renders you almost immune to negative energy.
   It lets you turn invisible.
 U - an uncursed ring of flight
 Y - the ring "Guasm" {+Inv Str+6 Int+4}
   (You found it on level 3 of the Swamp)

   [ring of strength]

   It affects your strength (+6).
   It affects your intelligence (+4).
   It lets you turn invisible.
Wands
 b - a wand of acid (30)
 n - a wand of paralysis (18)
 Q - a wand of digging (23)
 X - a wand of disintegration (78)
Scrolls
 c - 16 scrolls of immolation
 e - 12 scrolls of teleportation
 g - 10 scrolls of enchant armour
 k - 29 scrolls of remove curse
 l - 14 scrolls of amnesia
 p - 9 scrolls of fear
 r - 20 scrolls of fog
 s - 10 scrolls of magic mapping
 G - 10 scrolls of blinking
 T - 12 scrolls of identify
Potions
 h - 10 potions of haste
 i - 8 potions of heal wounds
 j - 8 potions of might
 o - 5 potions of berserk rage
 u - 5 potions of stabbing
 x - 4 potions of resistance
 z - 34 potions of curing
 A - 13 potions of mutation
 D - 2 potions of cancellation
 I - 7 potions of magic
 L - 2 potions of brilliance
 V - 11 potions of ambrosia
Miscellaneous
 t - a tin of tremorstones (3/3)
 F - a condenser vane (inert)
 J - the horn of Geryon
 O - a box of beasts (3/3)
 P - a phial of floods
 W - a lightning rod (4/4)


   Skills:
 + Level 19.3 Fighting
   Level 2.6 Long Blades
 + Level 22.4 Axes
   Level 0.4(15.3) Maces & Flails
 + Level 2.4 Throwing
 + Level 7.0 Armour
 + Level 13.2 Dodging
 + Level 16.4 Stealth
 + Level 18.4 Shields
 + Level 1.3 Spellcasting
 + Level 15.8 Hexes
 * Level 5.3 Summonings
 * Level 10.2 Necromancy
 + Level 8.4 Air Magic
 * Level 23.2 Invocations
 + Level 12.4 Evocations


You had 8 spell levels left.
You knew the following spells:

 Your Spells              Type           Power        Failure   Level
a - Confusing Touch       Hex            ######..     1%          3
b - Silence               Hex/Air        #####.....   5%          5
c - Swiftness             Air            ####....     1%          2
d - Dispel Undead         Necr           #####...     4%          4
e - Summon Mana Viper     Hex/Summ       #####...     10%         5
f - Summon Small Mammal   Summ           ###.         3%          1

Your spell library contained the following spells:

 Spells                   Type           Power        Failure   Level
 Animate Skeleton         Necr           #####.       1%          1
 Corona                   Hex            ######.      1%          1
 Pain                     Necr           ####         1%          1
 Corpse Rot               Necr/Air       N/A          1%          2
 Ensorcelled Hibernation  Hex/Ice        ####..       1%          2
 Slow                     Hex            ######..     1%          2
 Sublimation of Blood     Necr           #####.....   1%          2
 Summon Guardian Golem    Hex/Summ       #####...     1%          3
 Tukima's Dance           Hex            ######..     1%          3
 Vampiric Draining        Necr           #####.....   1%          3
 Cause Fear               Hex            ######....   1%          4
 Inner Flame              Hex/Fire       ####....     3%          3
 Portal Projectile        Hex/Tloc       ####..       3%          3
 Call Imp                 Summ           ###.....     4%          2
 Animate Dead             Necr           #####.....   4%          4
 Invisibility             Hex            ######..     6%          6
 Poisonous Vapours        Pois/Air       ###...       8%          2
 Call Canine Familiar     Summ           ###.....     9%          3
 Airstrike                Air            ####......   9%          4
 Leda's Liquefaction      Hex/Erth       ####......   11%         4
 Agony                    Necr           #####...     12%         5
 Excruciating Wounds      Necr           #####.....   12%         5
 Static Discharge         Conj/Air       ###.....     14%         3
 Summon Lightning Spire   Summ/Air       ###.....     16%         4
 Apportation              Tloc           #.....       26%         1
 Beastly Appendage        Tmut           #.....       26%         1
 Foxfire                  Conj/Fire      #...         26%         1
 Freeze                   Ice            #...         26%         1
 Magic Dart               Conj           #...         26%         1
 Sandblast                Erth           #.....       26%         1
 Sting                    Tmut/Pois      #...         26%         1
 Mephitic Cloud           Conj/Pois/Air  ##......     26%         3
 Metabolic Englaciation   Hex/Ice        ####......   30%         5
 Yara's Violent Unravell  Hex/Tmut       ####......   30%         5
 Blink                    Tloc           N/A          38%         2
 Passwall                 Tmut/Erth      #.......     38%         2
 Wereblood                Tmut           #.......     38%         2
 Conjure Flame            Conj/Fire      #.......     63%         3
 Frozen Ramparts          Ice            #.....       63%         3
 Gell's Gravitas          Tloc           #.........   63%         3
 Ignite Poison            Fire/Tmut/Pois #.......     63%         3
 Lesser Beckoning         Tloc           #.........   63%         3
 Ozocubu's Armour         Ice            #.......     63%         3
 Spider Form              Tmut/Pois      #.........   63%         3
 Stone Arrow              Conj/Erth      #.....       63%         3
 Teleport Other           Tloc           #.......     63%         3
 Summon Demon             Summ           ###.......   63%         5
 Summon Ice Beast         Ice/Summ       ##......     65%         4
 Lightning Bolt           Conj/Air       ###.......   80%         5
 Summon Forest            Summ/Tloc      ##........   94%         5
 Hailstorm                Conj/Ice       #.......     95%         4
 Ice Form                 Ice/Tmut       #.......     95%         4
 Iskenderun's Mystic Bla  Conj/Tloc      #.......     95%         4
 Olgreb's Toxic Radiance  Pois           #.......     95%         4
 Passage of Golubria      Tloc           N/A          95%         4
 Petrify                  Tmut/Erth      #.......     95%         4
 Sticky Flame             Conj/Fire      #.......     95%         4
 Discord                  Hex            ######....   95%         8
 Shadow Creatures         Summ           N/A          99%         6
 Simulacrum               Ice/Necr       ###.......   99%         6
 Alistair's Intoxication  Tmut/Pois      #........    100%        5
 Blade Hands              Tmut           #.........   100%        5
 Bolt of Magma            Conj/Fire/Erth #.........   100%        5
 Fireball                 Conj/Fire      #.........   100%        5
 Irradiate                Conj/Tmut      #.........   100%        5
 Iskenderun's Battlesphe  Conj           #.......     100%        5
 Lee's Rapid Deconstruct  Erth           #.........   100%        5
 Eringya's Noxious Bog    Tmut/Pois      #.........   100%        6
 Freezing Cloud           Conj/Ice/Air   ##........   100%        6
 Hydra Form               Tmut           #.........   100%        6
 Iron Shot                Conj/Erth      #.........   100%        6
 Ozocubu's Refrigeration  Ice            #.........   100%        6
 Statue Form              Tmut/Erth      #........    100%        6
 Dragon Form              Tmut           #.........   100%        7
 Haunt                    Necr/Summ      ####......   100%        7
 Orb of Destruction       Conj           #.........   100%        7
 Spellforged Servitor     Conj/Summ      ##........   100%        7
 Summon Hydra             Summ           ###.......   100%        7
 Borgnjor's Revivificati  Necr           #####.....   100%        8
 Chain Lightning          Conj/Air       ###.......   100%        8
 Ignition                 Fire           #.........   100%        8
 Infestation              Necr           #####.....   100%        8
 Lehudib's Crystal Spear  Conj/Erth      #.........   100%        8
 Necromutation            Tmut/Necr      ###.......   100%        8
 Absolute Zero            Ice            #.........   100%        9
 Death's Door             Necr           #####.....   100%        9
 Dragon's Call            Summ           ###.......   100%        9
 Fire Storm               Conj/Fire      #.........   100%        9
 Shatter                  Erth           #.........   100%        9
 Tornado                  Air            ####......   100%        9


Dungeon Overview and Level Annotations

Branches:
Dungeon (15/15)            Temple (1/1) D:7            Lair (6/6) D:9
  Swamp (4/4) Lair:2        Snake (4/4) Lair:2        Slime (0/5) Lair:6
    Orc (2/2) D:9             Elf (3/3) Orc:2        Vaults (5/5) D:13
  Crypt (3/3) Vaults:2       Tomb (0/3) Crypt:3      Depths (5/5) D:15
   Hell (visited)             Dis (0/7) Hell            Geh (0/7) Hell
    Coc (0/7) Hell            Tar (0/7) Hell            Zot (2/5) Depths:5
 Bailey (visited)           IceCv (visited)          WizLab (visited)

Altars:
Ashenzari
Cheibriados
Dithmenos
Elyvilon
Fedhas
Gozag
Hepliaklqana
Kikubaaqudgha
Makhleb
Nemelex Xobeh
Okawaru
Qazlal
Ru
Sif Muna
Trog
Uskayaw
Vehumet
Wu Jian
Xom
Yredelemnul
Zin
The Shining One
Beogh

Shops:
D:5 ?   D:6 *   D:12 ?(*[*   D:14 ?   Orc:2 ([(:   Elf:1 ?   Elf:3 *[
Snake:3 :[*!   Vaults:2 *   Vaults:3 =   Vaults:4 }   Depths:2 ![*
Depths:3 }=}   Depths:4 *

Portals:
Hell: Lair:6 Depths:1 Depths:2 Depths:3 Depths:4 Depths:5
Abyss: Depths:2 Depths:4
Pandemonium: Depths:3
Ziggurat: Depths:5
Trove: D:13 (give horn of Geryon)

Annotations:
Depths:5 3 runed translucent doors, Deaus's ghost, adept VSFi
Zot:1 10 runed doors


Innate Abilities, Weirdness & Mutations

You have claws for feet.
You are completely covered in large bone plates. (SH +8)
A powerful demonic guardian rushes to your aid.
You are extremely robust. (+30% HP)
When hurt, damage is shared between your health and your magic reserves.
You regenerate magic rapidly.
When low on magic, you restore magic in place of health.
You are clumsy. (Dex -2)


Message History

Osonuumm corrodes you!
Unknown command.
You hit Osonuumm but do no damage. You claw Osonuumm, but do no damage.
Osonuumm is almost dead.
Osonuumm hits you!!
* * * LOW HITPOINT WARNING * * *
Osonuumm corrodes you!
Unknown command.
You feel much better. Osonuumm hits you!!!
* * * LOW HITPOINT WARNING * * *
Osonuumm corrodes you!
Osonuumm is engulfed in freezing vapours.
Osonuumm bursts into living lightning!
The living lightning hits you! You resist.
* * * LOW HITPOINT WARNING * * *
The living lightning misses you.
Osonuumm blinks! x2
Unknown command.
Unknown command.
You feel much better. You block Osonuumm's attack. Osonuumm hits you!!!
You die...

##########################
#........................#
#........................#
#....).....§§§############
#.........§§§§#
#....)∩...§§§§#
####.........§§@§############
.........)...§§&§§..........#
......∩..######§§§§......(...#
.?.$.....# #########.######
.........# #.# .........# #.#
.........# #.# ........# #.#
.....)..# #.#


You could see Osonuumm.

Vanquished Creatures
  An orb of fire (Zot:1)
  Mennas (Vaults:3)
  An ancient lich (Vaults:5)
  Boris (twice) (Vaults:3 Vaults:5)
  Frederick (Depths:4)
  2 Killer Klowns (Zot:1)
  the Lernaean hydra (Swamp:4)
  Margery (Crypt:3)
  Xtahua (Crypt:3)
  Geryon (Hell)
  4 golden dragons
  Vashnia (Snake:3)
  6 caustic shrikes
  Nikola (Snake:4)
  A profane servitor (Abyss:1)
  A Tzitzimitl (Pan)
  6 liches
  Jorgrun (Elf:2)
  5 bone dragons
  A Cloud Mage (WizLab)
  12 tentacled monstrosities
  2 Ice Fiends
  5 titans
  4 quicksilver dragons (Zot:2)
  A deep elf blademaster (Elf:3)
  12 tentacled starspawn
  3 deep elf master archers
  2 Executioners
  2 death cobs
  Agnes (Elf:2)
  The ghost of swinepaste the Spry, an adept SpAK of Lugonu (Vaults:2)
  2 ancient champions
  4 sphinxes
  Gastronok (D:8)
  3 shadow dragons
  A storm dragon (shapeshifter) (Zot:2)
  6 storm dragons
  5 tengu reavers
  Donald (Crypt:2)
  A draconian monk (Zot:1)
  10 fire giants
  5 revenants
  9 nagarajas
  13 frost giants
  3 iron dragons
  13 deep elf sorcerers
  3 orc warlords
  Aizul (Snake:3)
  14 vault wardens
  4 draconian knights
  3 draconian scorchers (Zot:2)
  An angel (Abyss:1)
  A cacodemon (Abyss:3)
  A ghost moth (Zot:2)
  5 draconian stormcallers
  2 curse skulls (Crypt:3)
  10 deep elf elementalists
  3 draconian annihilators
  A spriggan defender (Depths:3)
  15 ironheart preservers
  7 ghouls
  20 stone giants
  8 balrugs
  4 war gargoyles
  5 reapers
  4 vampire knights
  A lorocyproca (Zot:2)
  3 green draconians
  40 very ugly things
  A blood saint (Pan)
  7 white draconians
  Nessos (Orc:2)
  2 black draconians (Zot:1)
  10 deep elf annihilators
  A yellow draconian (Zot:2)
  A corrupter (Pan)
  Azrael (Elf:2)
  The ghost of HilariousDeathArtist the Prestidigitator, a journeyman HaFi of Gozag (D:11)
  12 spark wasps
  A purple draconian (shapeshifter) (Zot:2)
  6 deep elf demonologists
  7 purple draconians
  2 red draconians (Zot:2)
  14 ettins
  6 eidola
  2 green deaths
  4 deep elf death magi
  11 blizzard demons
  A crystal guardian (Vaults:5)
  A quicksilver dragon zombie (Hell)
  A jiangshi (Depths:2)
  8 fire dragons
  4 deep elf high priests
  9 great orbs of eyes
  22 hydras
  An ice dragon (shapeshifter) (Vaults:5)
  A hell beast (Pan)
  12 yaktaur captains
  6 boulder beetles
  Erolcha (D:10)
  27 vault guards
  7 ice dragons
  16 ogre magi
  5 spriggan air magi
  4 shambling mangroves
  14 naga warriors
  A spectral shadow dragon (Crypt:3)
  2 monstrous demonspawn (Pan)
  A ghost crab (WizLab)
  9 rakshasas
  11 centaur warriors
  53 two-headed ogres
  12 anacondas
  25 dancing weapons
  4 death yaks (Lair:5)
  9 vampire magi
  11 alligators
  5 death knights
  A spectral fire giant (Crypt:3)
  9 deep troll earth magi
  8 hell hogs
  12 naga sharpshooters
  An orc high priest (Orc:2)
  2 spriggan berserkers
  9 deep troll shamans
  A storm dragon zombie (Hell)
  A titan zombie (Hell)
  14 shock serpents
  Urug (Orc:1)
  6 tengu warriors
  18 thrashing horrors
  An iron golem (Hell)
  20 deep elf knights
  8 soul eaters
  15 wretched stars
  17 sun demons
  15 shadow wraiths
  3 salamander mystics
  17 skeletal warriors
  A storm dragon skeleton (D:15)
  A spark wasp zombie (Depths:2)
  19 hell knights
  A fire crab (shapeshifter) (Abyss:1)
  7 iron trolls (Depths:2)
  6 sixfirhies
  5 flayed ghosts
  A ghost moth zombie (Hell)
  An unseen horror (shapeshifter) (Vaults:3)
  5 spatial maelstroms
  7 unseen horrors
  3 torturous demonspawn (Pan)
  2 quicksilver dragon simulacra
  11 wizards
  2 death drakes (WizLab)
  29 deep trolls
  A shadow demon (Depths:1)
  An iron giant zombie (Crypt:3)
  7 swamp dragons
  7 glowing orange brains
  A death drake (shapeshifter) (Vaults:1)
  2 lindwurms
  24 phantasmal warriors
  3 tengu zombies
  2 obsidian statues
  8 naga ritualists
  11 ironbrand convokers
  15 deep elf archers
  A harpy (shapeshifter) (Vaults:4)
  2 orb spiders (Zot:2)
  An orb spider (shapeshifter) (Abyss:5)
  10 mana vipers
  13 necromancers
  17 orc knights
  7 wolf spiders
  3 fire giant zombies
  A stone giant zombie (Crypt:2)
  32 large abominations
  7 cyclopes
  3 orc sorcerers
  A manticore (D:15)
  A faun (shapeshifter) (Vaults:4)
  4 centaur zombies
  13 moths of wrath
  A frost giant skeleton (Vaults:5)
  9 salamanders
  54 ugly things
  48 deep elf magi
  Maurice (Orc:1)
  5 elephants
  2 oklob plants (Lair:6)
  5 worldbinders
  22 guardian serpents
  10 rust devils
  An eye of devastation (shapeshifter) (Depths:4)
  A fire giant skeleton (Abyss:5)
  5 ice statues
  A molten gargoyle (Hell)
  4 torpor snails
  20 black mambas
  An alligator snapping turtle zombie (Crypt:1)
  A stone giant skeleton (Depths:2)
  18 smoke demons
  4 vault sentinels
  A minotaur zombie (Crypt:1)
  16 naga magi
  7 apocalypse crabs
  15 cane toads
  A gargoyle (Depths:2)
  5 spectral swamp worms (Depths:4)
  An efreet (Abyss:5)
  4 orange demons
  A cane toad (shapeshifter) (Vaults:3)
  A kobold demonologist (D:12)
  A centaur skeleton (D:13)
  A hellion (Pan)
  7 rime drakes
  A white draconian zombie (Crypt:1)
  11 komodo dragons
  57 yaktaurs
  A yaktaur zombie (D:15)
  3 hellwings
  A yaktaur (shapeshifter) (Vaults:3)
  2 tormentors
  2 anaconda simulacra (IceCv)
  4 demonic crawlers
  A yaktaur skeleton (Vaults:5)
  A golden dragon simulacrum (IceCv)
  16 ice devils
  3 hydra zombies
  A black draconian skeleton (Crypt:2)
  6 ancient zymes
  4 guardian mummies (Crypt:3)
  13 trolls
  4 tengu conjurers
  9 tyrant leeches
  21 freezing wraiths
  5 red devils
  2 queen bees
  4 polar bears
  A wolf spider simulacrum (D:13)
  3 harpy zombies (Zot:2)
  A grey draconian skeleton (Crypt:3)
  13 meliai
  14 hornets
  A tengu simulacrum (Vaults:2)
  36 raiju
  39 slime creatures
  4 wind drakes (WizLab)
  2 hydra skeletons (Hell)
  5 dream sheep (Lair:6)
  A stone giant simulacrum (Crypt:1)
  19 blink frogs
  A meliai zombie (D:9)
  2 ettin zombies
  A fire dragon zombie (Abyss:1)
  2 snapping turtles (shapeshifter)
  A spriggan zombie (D:15)
  15 bog bodies
  22 flying skulls
  9 shadows
  A redback (shapeshifter) (D:14)
  38 starcursed masses
  A guardian serpent skeleton (Crypt:2)
  19 wraiths
  6 vampires
  4 wyverns
  3 dire elephant simulacra
  A fire bat (Abyss:1)
  2 humans (Depths:2)
  16 spriggans
  15 air elementals
  9 water elementals
  53 yaks
  9 ynoxinuls
  2 alligator skeletons
  2 basilisks
  4 neqoxecs
  A wind drake skeleton (Crypt:2)
  11 chaos spawn
  3 fire elementals
  A human simulacrum (Vaults:2)
  An elf skeleton (Depths:2)
  11 insubstantial wisps
  A steam dragon (Lair:5)
  7 wargs
  An acid dragon (D:13)
  2 swamp worms (shapeshifter)
  A harpy simulacrum (IceCv)
  2 iron troll simulacra (IceCv)
  12 spatial vortices
  17 vampire mosquitoes
  37 nagas
  15 swamp worms
  2 cane toad zombies (Hell)
  A water moccasin (shapeshifter) (Vaults:1)
  33 water moccasins
  2 hydra simulacra (IceCv)
  A floating eye (shapeshifter) (Vaults:5)
  8 hell hounds
  A cane toad skeleton (Crypt:1)
  25 small abominations
  10 swamp drakes
  An alligator simulacrum (Hell)
  5 black bears
  3 ice beasts
  5 sky beasts
  A phantom (D:4)
  63 orc warriors
  A deep troll simulacrum (Depths:1)
  A spriggan simulacrum (Depths:1)
  7 eyes of draining
  9 centaurs
  47 ogres
  16 boggarts
  20 wolves
  A necrophage (Crypt:1)
  A swamp dragon skeleton (Abyss:1)
  A big kobold (D:11)
  16 bullfrogs
  A komodo dragon zombie (Crypt:2)
  2 earth elementals (Elf:3)
  3 scorpions
  A wyvern skeleton (D:7)
  30 wights
  A howler monkey (D:3)
  38 killer bees
  A bullfrog zombie (Crypt:1)
  11 crimson imps
  2 black bear zombies
  3 quasits
  7 hounds
  18 orc priests
  A soldier ant zombie (Crypt:2)
  2 bullfrog skeletons
  3 jellies
  2 iron imps
  6 iguanas
  Natasha (D:2)
  2 basilisk skeletons
  23 orc wizards
  11 hell rats (Hell)
  9 worker ants
  2 spectral hounds (Depths:2)
  A hound zombie (D:11)
  A big kobold skeleton (Crypt:3)
  A hound skeleton (Crypt:3)
  A howler monkey zombie (D:11)
  18 adders
  7 shadow imps
  11 white imps
  8 ufetubi
  3 adder skeletons
  2 worms
  2 dart slugs
  3 leopard geckos
  151 orcs
  3 ball pythons
  6 giant cockroaches
  2 gnoll zombies (D:8)
  11 goblins
  4 hobgoblins
  8 jackals
  4 quokkas
  A ball python zombie (Crypt:3)
  7 bats
  3 frilled lizards
  15 kobolds
  A kobold zombie (Crypt:3)
  A leopard gecko skeleton (D:6)
  A leopard gecko zombie (D:6)
  2 quokka skeletons (D:5)
  8 rats
  18 briar patches (Swamp:3)
  2 crawling corpses (Elf:3)
  A lurking horror (Abyss:1)
  A macabre mass (Abyss:3)
  13 starspawn tentacles
2896 creatures vanquished.

Vanquished Creatures (collateral kills)
  Bai Suzhen (Vaults:5)
  Saint Roka (Crypt:2)
  A profane servitor (Abyss:5)
  A bone dragon (Abyss:5)
  2 deep elf blademasters
  2 titans (Vaults:5)
  2 liches
  A sphinx (Vaults:5)
  An ancient champion (Crypt:2)
  A tentacled starspawn (Abyss:5)
  2 shadow dragons
  A tengu reaver (Abyss:1)
  2 nagarajas (Snake:4)
  A fire giant (Vaults:5)
  A draconian monk (Zot:2)
  2 vault wardens
  A draconian scorcher (Zot:1)
  2 draconian knights (Zot:2)
  2 cacodemons (Abyss:3)
  4 ironheart preservers
  2 stone giants
  A vampire knight (Depths:1)
  A very ugly thing (Depths:3)
  2 deep elf demonologists
  A deep elf annihilator (Elf:3)
  A green draconian (Depths:5)
  A purple draconian (Depths:5)
  A red draconian (Zot:1)
  A quicksilver dragon zombie (Depths:1)
  A fire dragon (Depths:2)
  A yaktaur captain (Vaults:5)
  A jiangshi (Crypt:3)
  3 great orbs of eyes
  2 hydras (Swamp:4)
  4 vault guards
  A naga warrior (Snake:3)
  A ghost crab (Swamp:2)
  An alligator (Swamp:4)
  A death yak (Lair:5)
  6 two-headed ogres
  A deep troll shaman (Depths:5)
  4 anacondas
  6 ogre magi
  A tengu warrior (Depths:2)
  A naga sharpshooter (Snake:4)
  A hell hog (Abyss:3)
  2 dancing weapons
  An iron golem (Hell)
  2 sun demons
  2 deep elf knights
  A shadow wraith (Crypt:3)
  5 skeletal warriors
  A spatial maelstrom (Abyss:1)
  2 deep elf archers (Elf:3)
  4 starcursed masses (Abyss:5)
  3 swamp dragons (Swamp:4)
  3 deep trolls
  A necromancer (Elf:1)
  A salamander (Snake:2)
  6 deep elf magi
  6 ugly things
  A centaur zombie (D:13)
  A cyclops (D:11)
  2 guardian serpents
  A vault sentinel (Vaults:4)
  2 orange demons
  An elf skeleton (Depths:1)
  4 yaktaurs
  A komodo dragon (D:9)
  A tormentor (Pan)
  A demonic crawler (Pan)
  A red devil (Depths:1)
  2 hornets (Depths:2)
  2 raiju (Abyss:5)
  A blink frog (Lair:1)
  2 slime creatures (D:15)
  A wraith (Crypt:3)
  2 spriggans (Depths:2)
  7 yaks
  2 humans (shapeshifter)
  2 ynoxinuls (Abyss:5)
  3 chaos spawn
  A vampire mosquito (Swamp:2)
  2 spatial vortices (Abyss:5)
  A warg (Crypt:2)
  5 nagas
  2 large abominations (Abyss:5)
  2 small abominations (Abyss:3)
  A swamp drake (Swamp:4)
  A black bear (D:7)
  An ice beast (D:9)
  A sky beast (D:7)
  6 orc warriors
  3 necrophages
  9 ogres
  A centaur (D:6)
  2 bullfrogs
  An elf zombie (Elf:1)
  2 killer bees (D:14)
  A queen bee zombie (Crypt:2)
  A yak skeleton (Crypt:2)
  A wight (D:8)
  A hound (D:12)
  An orc priest (D:2)
  An iguana (D:3)
  2 hell rats (Hell)
  Natasha (twice) (D:2)
  2 worker ants
  A felid zombie (Crypt:2)
  4 gnolls (D:6)
  A white imp (Depths:1)
  3 orcs
  A giant cockroach (D:2)
  2 jackals
  A bat (D:3)
  A frilled lizard (D:3)
  A briar patch (Swamp:3)
226 creatures vanquished.

Vanquished Creatures (others)
  An iron dragon (Vaults:5)
  A deep elf sorcerer (Vaults:5)
  A fire giant (Depths:5)
  An ironheart preserver (Vaults:1)
  A vault guard (Vaults:5)
  A rakshasa (Vaults:2)
  A spriggan air mage (WizLab)
  An orc high priest (Elf:1)
  A deep elf knight (Elf:2)
  A large abomination (Abyss:5)
  An ugly thing (Depths:1)
  4 deep elf magi
  2 yaktaurs (Vaults:4)
  A freezing wraith (Vaults:4)
  A blink frog (Abyss:5)
  An air elemental (WizLab)
  A water elemental (Hell)
  A wraith (Crypt:3)
  A ynoxinul (Abyss:5)
  A fire bat (Abyss:1)
  A neqoxec (Abyss:3)
  A water moccasin (D:13)
  An ogre (Depths:1)
  2 small abominations
  An orc priest (Orc:2)
  An orc wizard (Vaults:1)
  An ufetubus (Abyss:1)
  5 ball lightnings (Vaults:2)
  2 orcs
  3 briar patches (Swamp:3)
  20 fungi
  A lurking horror (Abyss:5)
  72 plants
  30 starspawn tentacles
  13 withered plants (D:15)
178 creatures vanquished.

Grand Total: 3300 creatures vanquished

Notes
Turn   | Place    | Note
-------+----------+-------------------------------------------
     0 | D:1      | karrick the Demonspawn Gladiator began the quest for the
                  | Orb.
     0 | D:1      | Reached XP level 1. HP: 16/16 MP: 1/1
   191 | D:1      | Gained mutation: A weak demonic guardian rushes to your
                  | aid. [demonic ancestry]
   191 | D:1      | Reached XP level 2. HP: 15/22 MP: 2/2
   794 | D:1      | Gained mutation: You are partially covered in large bone
                  | plates. (SH +4) [demonic ancestry]
   794 | D:1      | Reached XP level 3. HP: 19/27 MP: 3/3
  1240 | D:2      | Reached skill level 1 in Armour
  1445 | D:2      | Found a snail-covered altar of Cheibriados.
  1510 | D:2      | Gained mutation: You are mostly covered in large bone
                  | plates. (SH +6) [demonic ancestry]
  1510 | D:2      | Reached XP level 4. HP: 34/34 MP: 4/4
  1548 | D:2      | Noticed Natasha
  1552 | D:2      | Killed Natasha
  1572 | D:2      | Noticed Natasha
  1581 | D:2      | Killed Natasha
  1779 | D:2      | Noticed Natasha
  1799 | D:2      | Killed Natasha
  2077 | D:3      | Reached XP level 5. HP: 20/39 MP: 5/5
  2816 | D:3      | Found a shimmering blue altar of Sif Muna.
  3317 | D:3      | Reached XP level 6. HP: 39/46 MP: 6/6
  3596 | D:4      | Reached skill level 5 in Axes
  4244 | D:4      | Reached XP level 7. HP: 30/52 MP: 7/7
  4478 | D:4      | Got a faintly glowing leather armour
  4575 | D:4      | Identified the +1 leather armour of the Sparrow {+Inv rN+
                  | Str+4 Int-5} (You found it on level 4 of the Dungeon)
  4832 | D:5      | Entered Level 5 of the Dungeon
  4832 | D:5      | Found Hozuixog's Magic Scroll Shop.
  4843 | D:5      | Bought a scroll of magic mapping for 49 gold pieces
  4843 | D:5      | Bought a scroll of magic mapping for 49 gold pieces
  4843 | D:5      | Bought a scroll of identify for 28 gold pieces
  4843 | D:5      | Bought a scroll of identify for 28 gold pieces
  5548 | D:5      | Reached skill level 1 in Evocations
  5831 | D:5      | Reached skill level 1 in Stealth
  6149 | D:6      | Reached XP level 8. HP: 60/60 MP: 8/8
  6472 | D:6      | Found Kuunur's Assorted Antiques.
  6486 | D:6      | Bought a scroll labeled VIDWOR TUECUEDD for 29 gold pieces
  6486 | D:6      | Bought a scroll labeled SIOCIB LUMUAPP for 29 gold pieces
  6518 | D:6      | Found a broken altar of Ashenzari.
  6849 | D:7      | Found a stormy altar of Qazlal.
  7161 | D:7      | Found a staircase to the Ecumenical Temple.
  7170 | Temple   | Entered the Ecumenical Temple
  7338 | Temple   | Became a worshipper of Warmaster Okawaru
  7545 | D:8      | Reached XP level 9. HP: 62/67 MP: 9/9
  7743 | D:8      | Noticed Gastronok
  7837 | D:9      | Reached skill level 5 in Fighting
  7868 | D:9      | Found a staircase to the Lair.
  7869 | D:9      | Noticed a komodo dragon
  7895 | D:10     | Entered Level 10 of the Dungeon
  7895 | D:10     | Noticed Erolcha
  7914 | D:9      | Killed a komodo dragon
  7914 | D:9      | Reached * piety under Okawaru
  7977 | D:9      | Found a glowing silver altar of Zin.
  8228 | D:9      | Found the +3 warlock's mirror {reflect}
  8272 | D:9      | Found Vyar Boq's Antique Armour Emporium.
  8433 | D:9      | Reached ** piety under Okawaru
  8433 | D:9      | Reached skill level 1 in Shields
  8527 | D:9      | Reached skill level 5 in Evocations
  8578 | D:9      | Found a staircase to the Orcish Mines.
  9031 | D:10     | Gained mutation: When hurt, damage is shared between your
                  | health and your magic reserves. [demonic ancestry]
  9031 | D:10     | Reached XP level 10. HP: 57/75 MP: 10/10
  9170 | D:11     | Reached skill level 5 in Dodging
  9279 | D:11     | Reached *** piety under Okawaru
  9343 | D:11     | Found a runed translucent gate.
  9344 | D:11     | Found a runed translucent gate.
  9344 | D:11     | Identified the cursed +0 chain mail of the New World {Harm
                  | MR+ Stlth+}
  9366 | D:11     | Found a runed translucent gate.
  9366 | D:11     | Noticed HilariousDeathArtist's ghost (journeyman HaFi)
  9369 | D:11     | Found a roughly hewn altar of Beogh.
  9453 | D:11     | Noticed a cyclops
  9546 | D:11     | Reached skill level 10 in Axes
  9563 | D:11     | Reached **** piety under Okawaru
  9670 | D:11     | Noticed a white ugly thing
  9697 | D:12     | Reached skill level 5 in Stealth
  9758 | D:12     | Found a flagged portal.
  9812 | D:12     | Noticed a green ugly thing
  9834 | Bailey   | Entered a bailey
  9907 | Bailey   | Noticed an orc knight
  9919 | Bailey   | Noticed an orc knight
  9923 | Bailey   | Killed an orc knight
  9923 | Bailey   | Gained mutation: You are completely covered in large bone
                  | plates. (SH +8) [demonic ancestry]
  9923 | Bailey   | Reached XP level 11. HP: 63/83 MP: 8/11
  9946 | Bailey   | Killed an orc knight
  9946 | Bailey   | Reached ***** piety under Okawaru
  9946 | Bailey   | Received a gift from Okawaru
  9984 | Bailey   | Noticed an orc knight
 10056 | Bailey   | Killed an orc knight
 10106 | Bailey   | Identified Sif Muna's Incunabulum of Poison
 10203 | D:12     | Found Nabryakh's General Store.
 10206 | D:12     | Bought a scroll of magic mapping for 59 gold pieces
 10266 | D:12     | Found Cadahup's General Store.
 10267 | D:12     | Found Cutofik's Weapon Shop.
 10458 | D:12     | Found a broken altar of Ashenzari.
 10483 | D:12     | Noticed an orc knight
 10645 | D:6      | Bought the +3 crown of Dyrovepreva {rElec Int+2 SInv} for
                  | 1200 gold pieces
 10645 | D:6      | Found the +3 crown of Dyrovepreva {rElec Int+2 SInv}
 10689 | D:7      | Noticed an unseen horror
 10697 | D:7      | Killed an unseen horror
 10893 | D:8      | Killed Gastronok
 10893 | D:8      | Received a gift from Okawaru
 11057 | D:8      | Found a basalt altar of Yredelemnul.
 11109 | D:10     | Killed Erolcha
 11422 | D:10     | Killed a white ugly thing
 11762 | D:11     | Gained mutation: You have sharp toenails. [demonic
                  | ancestry]
 11762 | D:11     | Reached XP level 12. HP: 91/91 MP: 12/12
 11959 | D:12     | Found Feqa's Antique Armour Shop.
 12558 | D:12     | Found Hepsy's Magic Scroll Shop.
 12675 | D:13     | Reached ****** piety under Okawaru
 12675 | D:13     | Reached skill level 5 in Shields
 12678 | D:13     | Noticed a six-headed hydra
 12699 | D:13     | Killed a one-headed hydra
 12754 | D:13     | Received a gift from Okawaru
 13024 | D:13     | Got a jewelled scale mail
 13035 | D:13     | Identified the +1 scale mail "Rothuty" {Regen+ SInv} (You
                  | found it on level 13 of the Dungeon)
 13397 | D:13     | Got a wavering golden ring
 13401 | D:13     | Identified the ring "Wequveda" {EV+4 Str+4} (You found it
                  | on level 13 of the Dungeon)
 13426 | D:13     | Noticed a boulder beetle
 13450 | D:13     | Killed a boulder beetle
 13517 | D:13     | Gained mutation: You are robust. (+10% HP) [demonic
                  | ancestry]
 13517 | D:13     | Reached XP level 13. HP: 93/107 MP: 10/13
 13550 | D:13     | Got a fine mace
 13551 | D:13     | Identified the +11 mace of Premature Burial {vorpal, +Blink
                  | rC- Str+6 Int-3 Dex+3} (You found it on level 13 of the
                  | Dungeon)
 13576 | D:13     | Got an ivory long sword
 13577 | D:13     | Identified the +8 long sword "Coatt" {vorpal, rElec Int+3}
                  | (You found it on level 13 of the Dungeon)
 13840 | D:13     | Reached skill level 10 in Evocations
 14081 | D:13     | Found a gate to the Vaults.
 14184 | D:13     | Received a gift from Okawaru
 14239 | D:13     | Found a portal to a secret trove of treasure.
 14310 | D:14     | Found Ugettaf's Magic Scroll Boutique.
 14329 | D:14     | Reached skill level 1 in Long Blades
 14335 | D:14     | Bought a scroll of teleportation for 54 gold pieces
 14335 | D:14     | Bought a scroll of teleportation for 54 gold pieces
 14335 | D:14     | Bought a scroll of magic mapping for 63 gold pieces
 15039 | D:15     | Entered Level 15 of the Dungeon
 15060 | D:15     | Found a staircase to the Depths.
 15174 | D:15     | Received a gift from Okawaru
 15618 | D:15     | Received a gift from Okawaru
 15640 | D:15     | Received a gift from Okawaru
 15767 | D:15     | Reached XP level 14. HP: 116/116 MP: 14/14
 16311 | D:11     | Killed HilariousDeathArtist's ghost
 16311 | D:11     | Received a gift from Okawaru
 16332 | D:11     | Got a bone glaive {god gift}
 16333 | D:11     | Identified the +11 glaive "Poukhlott" {venom, rElec}
                  | (Okawaru gifted it to you on level 11 of the Dungeon)
 16356 | D:11     | Got a fading cloak
 16364 | D:11     | Identified the +2 cloak "Eryuss" {rC+ Regen+ Str+4 Stlth-}
                  | (You found it on level 11 of the Dungeon)
 16377 | D:11     | Identified a +1 pair of boots of running (You found it on
                  | level 11 of the Dungeon)
 16690 | D:15     | Identified the Grimoire of Burning Creation
 17136 | Orc:1    | Entered Level 1 of the Orcish Mines
 17151 | Orc:1    | Found a roughly hewn altar of Beogh.
 17265 | Orc:1    | Reached skill level 1 in Invocations
 17289 | Orc:1    | Noticed Maurice
 17298 | Orc:1    | Killed Maurice
 17447 | Orc:2    | Entered Level 2 of the Orcish Mines
 17503 | Orc:2    | Found a staircase to the Elven Halls.
 17589 | Orc:2    | Found a roughly hewn altar of Beogh.
 17590 | Orc:2    | Found Pidaxyull's Antique Weapon Shoppe.
 17597 | Orc:2    | Received a gift from Okawaru
 17621 | Orc:2    | Bought a runed broad axe for 126 gold pieces
 17663 | Orc:2    | Noticed an orc warlord
 17663 | Orc:2    | Reached skill level 10 in Stealth
 17663 | Orc:2    | Reached skill level 2 in Invocations
 17667 | Orc:2    | Found Gedo's Antique Armour Emporium.
 17678 | Orc:2    | Killed an orc warlord
 17681 | Orc:2    | Received a gift from Okawaru
 17692 | Orc:2    | Reached skill level 3 in Invocations
 17726 | Orc:2    | Found a roughly hewn altar of Beogh.
 17728 | Orc:2    | Found Rileirek's Antique Weapon Shoppe.
 17779 | Orc:2    | Bought a distressingly furry ring mail for 225 gold pieces
 17791 | Orc:2    | Identified the cursed +0 ring mail of Ittozokk {Rampage
                  | Str+4 Int+3} (You bought it in a shop on level 2 of the
                  | Orcish Mines)
 17891 | Orc:2    | Noticed Nessos
 17897 | Orc:2    | Killed Nessos
 17979 | Orc:2    | Found a roughly hewn altar of Beogh.
 18024 | Orc:2    | Found a roughly hewn altar of Beogh.
 18098 | Orc:2    | Found a roughly hewn altar of Beogh.
 18103 | Orc:2    | Found Zait's Book Shoppe.
 18128 | Orc:2    | Bought a book of Debilitation for 520 gold pieces
 18198 | Orc:2    | Found a roughly hewn altar of Beogh.
 18226 | Orc:2    | Cast into level 1 of the Abyss (orc wizard)
 18226 | Abyss:1  | Found a corrupted altar of Lugonu.
 18236 | Abyss:1  | Got a pitted shortbow
 18367 | Abyss:1  | Reached skill level 4 in Invocations
 18456 | Abyss:1  | Noticed a starcursed mass
 18506 | Abyss:1  | Gained mutation: You have razor-sharp toenails. [demonic
                  | ancestry]
 18506 | Abyss:1  | Reached XP level 15. HP: 118/125 MP: 16/18
 18516 | Abyss:2  | Found a burning altar of Makhleb.
 18744 | Abyss:2  | Reached skill level 5 in Invocations
 18974 | Orc:2    | Escaped the Abyss
 19079 | Elf:1    | Entered Level 1 of the Elven Halls
 19211 | Orc:1    | Noticed Urug
 19214 | Orc:1    | Found a roughly hewn altar of Beogh.
 19228 | Orc:1    | Killed Urug
 19392 | Elf:1    | Identified the cursed +1 shortbow "Jiegal" {venom, rF+ rC-
                  | Dex+3} (You found it on level 1 of the Abyss)
 19441 | Elf:1    | Received a gift from Okawaru
 19587 | Elf:1    | Reached skill level 6 in Invocations
 19674 | Elf:1    | Identified the Compendium of Black Secrets
 19680 | Elf:1    | Learned a level 3 spell: Confusing Touch
 19740 | Elf:1    | Found Bouvouc's Magic Scroll Shop.
 19748 | Elf:1    | Bought a scroll of identify for 34 gold pieces
 19748 | Elf:1    | Bought a scroll of teleportation for 51 gold pieces
 19748 | Elf:1    | Bought a scroll of identify for 34 gold pieces
 19866 | Elf:1    | Noticed a deep elf sorcerer
 19897 | Elf:1    | Killed a deep elf sorcerer
 19897 | Elf:1    | Reached skill level 10 in Fighting
 19964 | Elf:1    | Received a gift from Okawaru
 19990 | Elf:1    | Got an encrusted kite shield {god gift}
 20001 | Elf:1    | Identified the +4 kite shield of Action {*Contam rPois rC-
                  | Dex+7} (Okawaru gifted it to you on level 1 of the Elven
                  | Halls)
 20054 | Elf:1    | Reached skill level 7 in Invocations
 20069 | Elf:1    | Got a pair of steaming boots
 20412 | Elf:2    | Noticed Azrael
 20422 | Elf:3    | Entered Level 3 of the Elven Halls
 20422 | Elf:3    | Found Dowafed's Assorted Antiques.
 20766 | Lair:1   | Entered Level 1 of the Lair of Beasts
 20945 | Lair:1   | Reached skill level 8 in Invocations
 21073 | Lair:1   | Identified the +0 pair of boots "Zoedo" {+Fly Dex+4} (You
                  | found it on level 1 of the Elven Halls)
 21159 | Lair:1   | Gained mutation: You have claws for feet. [demonic
                  | ancestry]
 21159 | Lair:1   | Reached XP level 16. HP: 134/134 MP: 22/22
 21262 | Lair:2   | Found a staircase to the Snake Pit.
 21489 | Lair:2   | Found a staircase to the Swamp.
 22493 | Lair:1   | Received a gift from Okawaru
 22531 | Lair:1   | Reached skill level 15 in Axes
 22590 | Lair:3   | You fall into a shaft and drop 2 floors!
 22709 | Lair:5   | Found an ancient bone altar of Kikubaaqudgha.
 23061 | Lair:5   | Reached skill level 1 in Hexes
 23197 | Lair:6   | Entered Level 6 of the Lair of Beasts
 23301 | Lair:6   | Reached skill level 9 in Invocations
 23443 | Lair:6   | Found a staircase to the Slime Pits.
 23752 | Lair:6   | Found a burning altar of Makhleb.
 23803 | Lair:6   | Found a gateway to Hell.
 24741 | Lair:4   | Received a gift from Okawaru
 25229 | Lair:3   | Learned a level 5 spell: Silence
 26388 | Snake:1  | Entered Level 1 of the Snake Pit
 26394 | Snake:1  | Found a shimmering blue altar of Sif Muna.
 26601 | Snake:1  | Reached skill level 10 in Shields
 26622 | Snake:1  | Reached skill level 10 in Invocations
 26623 | Snake:1  | Received a gift from Okawaru
 26623 | Snake:1  | Gained mutation: A demonic guardian rushes to your aid.
                  | [demonic ancestry]
 26623 | Snake:1  | Reached XP level 17. HP: 129/143 MP: 17/24
 27182 | Snake:2  | Reached skill level 5 in Hexes
 27271 | Snake:2  | Received a gift from Okawaru
 27281 | Snake:2  | Identified the +4 broad axe of Bile {vorpal, rPois}
                  | (Okawaru gifted it to you on level 2 of the Snake Pit)
 27712 | Snake:3  | Noticed Vashnia
 27809 | Snake:3  | Killed Vashnia
 27865 | Snake:3  | Reached skill level 11 in Invocations
 27893 | Snake:3  | Noticed Aizul
 27907 | Snake:3  | Killed Aizul
 28071 | Snake:3  | Received a gift from Okawaru
 28302 | Snake:3  | Found Pivaowne's General Store.
 28304 | Snake:3  | Found Oleveuwn's Distillery.
 28304 | Snake:3  | Found Qelaad's Book Shop.
 28307 | Snake:3  | Found Vyen's Armour Shop.
 28309 | Snake:3  | Bought a scroll of identify for 22 gold pieces
 28309 | Snake:3  | Bought a scroll of identify for 22 gold pieces
 28309 | Snake:3  | Bought a scroll of identify for 22 gold pieces
 28679 | Snake:4  | Entered Level 4 of the Snake Pit
 29070 | Snake:4  | Received a gift from Okawaru
 29283 | Snake:4  | Noticed Nikola
 29292 | Snake:4  | Killed Nikola
 29484 | Snake:4  | Gained mutation: You are very robust. (+20% HP) [demonic
                  | ancestry]
 29484 | Snake:4  | Reached XP level 18. HP: 139/165 MP: 24/26
 29542 | Snake:4  | Reached skill level 12 in Invocations
 29555 | Snake:4  | Received a gift from Okawaru
 29810 | Snake:4  | Identified the +7 war axe "Tiylaenn" {vamp, *Noise rC++
                  | Dex+2} (Okawaru gifted it to you on level 4 of the Snake
                  | Pit)
 29857 | Snake:4  | Received a gift from Okawaru
 29994 | Snake:4  | Got a serpentine rune of Zot
 30289 | Vaults:1 | Entered Level 1 of the Vaults
 30293 | Vaults:1 | Noticed a Hell Sentinel
 30372 | Vaults:1 | Cast into level 2 of the Abyss (a deep elf demonologist)
 30405 | Abyss:2  | Found an iron altar of Okawaru.
 30414 | Vaults:1 | Escaped the Abyss
 30782 | Vaults:1 | Reached skill level 13 in Invocations
 31054 | Vaults:1 | Received a gift from Okawaru
 31078 | Vaults:1 | You fall into a shaft and drop 1 floor!
 31094 | Vaults:2 | Found a runed translucent gate.
 31094 | Vaults:2 | Found a runed translucent gate.
 31094 | Vaults:2 | Found a runed translucent gate.
 31095 | Vaults:2 | Found an opulent altar of Gozag.
 31095 | Vaults:2 | Found Voumataf's Assorted Antiques.
 31095 | Vaults:2 | Noticed a tentacled monstrosity
 31096 | Vaults:2 | Noticed swinepaste's ghost (adept SpAK)
 31333 | Vaults:2 | Found a staircase to the Crypt.
 31351 | Vaults:2 | Gained mutation: A powerful demonic guardian rushes to your
                  | aid. [demonic ancestry]
 31351 | Vaults:2 | Reached XP level 19. HP: 175/175 MP: 29/29
 32053 | Vaults:3 | Reached skill level 14 in Invocations
 32057 | Vaults:3 | Received a gift from Okawaru
 32179 | Vaults:3 | Noticed Mennas
 32190 | Vaults:3 | Found Maas's Jewellery Emporium.
 32233 | Vaults:4 | Found Roesh's Gadget Boutique.
 33905 | Elf:2    | Noticed Jorgrun
 33918 | Elf:2    | Killed Jorgrun
 33997 | Elf:2    | Noticed Agnes
 34008 | Elf:2    | Killed Agnes
 34008 | Elf:2    | Received a gift from Okawaru
 34240 | Elf:2    | Found a runed translucent gate.
 34240 | Elf:2    | Found a runed translucent gate.
 34240 | Elf:2    | Found a runed translucent gate.
 34416 | Elf:2    | Killed Azrael
 34464 | Elf:2    | Reached XP level 20. HP: 175/186 MP: 28/31
 34504 | Elf:2    | Received a gift from Okawaru
 34617 | Elf:2    | Reached skill level 15 in Invocations
 34727 | Elf:2    | Reached skill level 10 in Hexes
 35047 | Elf:3    | Found Rujumor's Antique Armour Shoppe.
 35064 | Elf:3    | Bought a jewelled ring mail for 297 gold pieces
 35064 | Elf:3    | Identified the +2 ring mail of the Fletcher {Dex+5 SInv
                  | Stlth+} (You bought it in a shop on level 3 of the Elven
                  | Halls)
 35259 | Elf:3    | Identified the +4 war axe "Testudineslayer" {holy, rF+}
 35259 | Elf:3    | Identified the +6 chain mail "Qoppatz" {*Drain rC+ SInv}
 35494 | Elf:3    | Identified the amulet of Secrets {Spirit +Blink rPois}
 35534 | Elf:3    | Cast into level 2 of the Abyss (a deep elf sorcerer)
 35536 | Abyss:2  | Found a corrupted altar of Lugonu.
 35557 | Elf:3    | Escaped the Abyss
 35559 | Elf:3    | Received a gift from Okawaru
 35810 | Elf:3    | Identified the +9 quarterstaff of Xiojunet {venom, *Slow
                  | rF++ rC+++ Stlth+}
 35850 | Elf:3    | Identified the +1 ring mail "Coteow" {Dex+3} (Okawaru
                  | gifted it to you on level 3 of the Elven Halls)
 35875 | Elf:3    | Identified the +10 flail of Mana {vamp, *Rage rElec rF+
                  | rC+}
 36015 | Elf:3    | Identified the +3 scale mail "Opaev" {rPois MP+9 Int+3
                  | Dex-5} (You found it on level 3 of the Elven Halls)
 36028 | Elf:3    | Identified the ring "Johulahy" {rF+ rC+ MR+ Str+5 Stlth-}
 36102 | Elf:3    | Identified the Tome of Flames and Air
 36108 | Elf:3    | Identified the +1 trident of Sharkskin {vorpal, Int+3
                  | Dex+7} (You found it on level 3 of the Elven Halls)
 36125 | Elf:3    | Identified the +2 whip of Ahasucuv {protect, Str+6} (You
                  | found it on level 3 of the Elven Halls)
 36145 | Elf:3    | Identified the cursed +1 hand crossbow of Terra Cotta
                  | {elec, Dex+7} (You found it on level 3 of the Elven Halls)
 36525 | Depths:1 | Entered Level 1 of the Depths
 36593 | Depths:1 | Received a gift from Okawaru
 36831 | Depths:1 | Reached skill level 16 in Invocations
 36967 | Depths:1 | Reached XP level 21. HP: 148/195 MP: 21/33
 37135 | Depths:1 | Received a gift from Okawaru
 37167 | Depths:1 | Reached skill level 10 in Dodging
 37661 | Depths:2 | Found a one-way gate to the infinite horrors of the Abyss.
 37711 | Depths:2 | Identified the cursed +0 rapier of Ciqoahos {vorpal, Dex+3}
                  | (You found it on level 2 of the Depths)
 37714 | Depths:2 | You fall into a shaft and drop 1 floor!
 37812 | Depths:2 | Received a gift from Okawaru
 37873 | Depths:2 | Identified the +1 ring mail "Ashralio" {rN+ Int+4} (Okawaru
                  | gifted it to you on level 2 of the Depths)
 38467 | Depths:3 | Noticed a caustic shrike
 38480 | Depths:3 | Killed a caustic shrike
 38535 | Depths:3 | Found a one-way gate leading to the halls of Pandemonium.
 39060 | Depths:3 | Identified the +4 quarterstaff "Conservator" {drain, MR+
                  | Str-5 SInv}
 39081 | Depths:3 | Found Metead's Gadget Shop.
 39081 | Depths:3 | Found Mimn's Jewellery Shoppe.
 39082 | Depths:3 | Found Opoysocw's Gadget Shop.
 39361 | Depths:3 | Reached skill level 17 in Invocations
 39391 | Depths:3 | Identified the ring "Avvan" {Dex+4 SInv} (You found it on
                  | level 3 of the Depths)
 39422 | Depths:3 | Received a gift from Okawaru
 39609 | Depths:4 | Reached XP level 22. HP: 182/206 MP: 29/34
 39805 | Depths:4 | Noticed a caustic shrike
 39805 | Depths:4 | Noticed a caustic shrike
 39805 | Depths:4 | Noticed a caustic shrike
 39806 | Depths:4 | Found Zuprecown's Assorted Antiques.
 39806 | Depths:4 | Noticed a caustic shrike
 39806 | Depths:4 | Noticed a caustic shrike
 39808 | Depths:4 | Noticed Frederick
 39814 | Depths:4 | Killed a caustic shrike
 39818 | Depths:4 | Killed a caustic shrike
 39819 | Depths:4 | Killed a caustic shrike
 39819 | Depths:4 | Killed a caustic shrike
 39822 | Depths:4 | Killed a caustic shrike
 39825 | Depths:4 | Killed Frederick
 39825 | Depths:4 | Received a gift from Okawaru
 40169 | Depths:4 | Paralysed by a great orb of eyes for 3 turns
 40527 | Depths:5 | Entered Level 5 of the Depths
 40527 | Depths:5 | Identified a scroll of acquirement
 40528 | Depths:5 | Found a gateway to a ziggurat.
 40566 | Depths:5 | Acquired a manual of Axes
 40645 | Depths:5 | Reached skill level 15 in Stealth
 40656 | Depths:5 | Reached skill level 5 in Armour
 40739 | Depths:5 | Found a gate to the Realm of Zot.
 40986 | Depths:5 | Reached skill level 15 in Fighting
 40986 | Depths:5 | Reached skill level 18 in Invocations
 41346 | Depths:5 | Received a gift from Okawaru
 41349 | Depths:5 | Identified the +4 broad axe "Ukkiann" {flame, rPois rF+
                  | MR++ Dex-5} (Okawaru gifted it to you on level 5 of the
                  | Depths)
 41518 | Depths:5 | Found a runed translucent gate.
 41518 | Depths:5 | Found a runed translucent gate.
 41519 | Depths:5 | Found a runed translucent gate.
 42322 | Vaults:2 | Was placed under penance by Okawaru
 42372 | Vaults:2 | Gained mutation: You regenerate magic rapidly. [demonic
                  | ancestry]
 42372 | Vaults:2 | Reached XP level 23. HP: 164/217 MP: 27/36
 42387 | Vaults:2 | Killed swinepaste's ghost
 42423 | Vaults:2 | Was forgiven by Okawaru
 42596 | Vaults:3 | Noticed Boris
 42604 | Vaults:3 | Killed Boris
 42806 | Vaults:3 | Reached skill level 1 in Air Magic
 42831 | Vaults:3 | Paralysed by an ogre mage for 2 turns
 42877 | Vaults:3 | Received a gift from Okawaru
 43171 | Vaults:3 | Killed Mennas
 43171 | Vaults:3 | Received a gift from Okawaru
 43180 | Vaults:3 | Identified the +1 scale mail "Ziquqor" {Rampage +Fly rC+}
                  | (Okawaru gifted it to you on level 3 of the Vaults)
 43804 | Vaults:5 | Entered Level 5 of the Vaults
 43813 | Vaults:5 | Noticed Bai Suzhen
 43815 | Vaults:5 | Noticed an ancient lich
 44015 | Vaults:5 | Noticed a caustic shrike
 44015 | Vaults:5 | a golden dragon changed into a caustic shrike
 44018 | Vaults:5 | a caustic shrike changed into a golden dragon
 44040 | Vaults:5 | Reached skill level 19 in Invocations
 44052 | Vaults:5 | Killed an ancient lich
 44052 | Vaults:5 | Received a gift from Okawaru
 44067 | Vaults:5 | Reached XP level 24. HP: 129/229 MP: 27/36
 44408 | Vaults:5 | Reached skill level 15 in Shields
 44434 | Vaults:5 | Reached skill level 5 in Air Magic
 44632 | Vaults:5 | Received a gift from Okawaru
 44718 | Vaults:5 | Noticed Boris
 44728 | Vaults:5 | Killed Boris
 44816 | Vaults:5 | Identified the cursed +0 lajatang "Opeejis" {chaos, Int+3}
 44816 | Vaults:5 | Identified the ring "Rulerr" {*Tele rC+ Dex+5}
 44840 | Vaults:5 | Found the amulet of Vitality {Regen+ HP+15}
 44844 | Vaults:5 | Got a silver rune of Zot
 44864 | Vaults:5 | Identified the ring of Wuadinkas {Wiz Int+3} (You found it
                  | on level 5 of the Vaults)
 45038 | Vaults:5 | Killed Bai Suzhen
 45049 | Vaults:5 | Received a gift from Okawaru
 45355 | Vaults:5 | Identified the +6 dagger "Vounua" {speed, +Blink rC+ MP+9
                  | Int+2}
 45365 | Vaults:5 | Found the +6 shillelagh "Devastator" {shatter}
 45369 | Vaults:5 | Identified Noviet's Volume of Feathery Intoxication
 45377 | Vaults:5 | Identified the amulet of Rationality {Inacc rF++ rC-} (You
                  | found it on level 5 of the Vaults)
 45584 | Vaults:5 | Identified the Incunabulum of Envenoming and Moulding
 45873 | Hell     | Entered the Vestibule of Hell
 45873 | Hell     | Noticed Geryon
 45979 | Hell     | Killed Geryon
 46186 | Hell     | Received a gift from Okawaru
 46207 | Hell     | Identified the +2 pair of gloves of the Kangaroo {rElec rN+
                  | Str+3} (Okawaru gifted it to you in the Vestibule of Hell)
 46452 | Hell     | Found a gateway to the decaying netherworld of Tartarus.
 46564 | Hell     | Found a gateway to the ashen valley of Gehenna.
 46660 | Hell     | Found a gateway to the Iron City of Dis.
 46714 | Hell     | Found a gateway to the freezing wastes of Cocytus.
 47094 | Swamp:1  | Entered Level 1 of the Swamp
 47127 | Swamp:1  | Found a sacrificial altar of Ru.
 47140 | Swamp:1  | Found a frozen archway.
 47155 | IceCv    | Entered an ice cave
 47175 | IceCv    | Gained mutation: You are extremely robust. (+30% HP)
                  | [demonic ancestry]
 47175 | IceCv    | Reached XP level 25. HP: 246/258 MP: 36/36
 47362 | IceCv    | Reached skill level 20 in Invocations
 47602 | IceCv    | Identified the +5 plate armour "Weiwoi" {MR- rCorr Str+7}
                  | (You found it in an ice cave)
 49331 | Swamp:3  | Found a transporter.
 49454 | Swamp:3  | Found a transporter.
 49855 | Swamp:3  | Identified the ring "Guasm" {+Inv Str+6 Int+4} (You found
                  | it on level 3 of the Swamp)
 49858 | Swamp:3  | Identified the cursed -2 pair of boots "Fezaytry" {rCorr
                  | Dex+8} (You found it on level 3 of the Swamp)
 50015 | Swamp:4  | Entered Level 4 of the Swamp
 50297 | Swamp:4  | Reached skill level 15 in Hexes
 50463 | Swamp:4  | Noticed the 27-headed Lernaean hydra
 50474 | Swamp:4  | Killed the 27-headed Lernaean hydra
 50474 | Swamp:4  | Received a gift from Okawaru
 50478 | Swamp:4  | Got a decaying rune of Zot
 51227 | Crypt:1  | Entered Level 1 of the Crypt
 51345 | Crypt:1  | Found a magical portal.
 51352 | WizLab   | Entered The Chambers of the Cloud Mage
 51884 | WizLab   | Identified Ocki's Incunabulum of Dislocated Ice
 51890 | WizLab   | Identified the Collected Works on the Birds
 52378 | Crypt:2  | Noticed Donald
 52381 | Crypt:2  | Noticed Saint Roka
 52391 | Crypt:2  | Killed Donald
 52412 | Crypt:2  | Killed Saint Roka
 52598 | Crypt:2  | Found a basalt altar of Yredelemnul.
 52796 | Crypt:2  | Learned a level 2 spell: Swiftness
 52934 | Crypt:3  | Entered Level 3 of the Crypt
 53102 | Crypt:3  | Noticed Xtahua
 53109 | Crypt:3  | Killed Xtahua
 53109 | Crypt:3  | Received a gift from Okawaru
 53260 | Crypt:3  | Gained mutation: When low on magic, you restore magic in
                  | place of health. [demonic ancestry]
 53260 | Crypt:3  | Reached XP level 26. HP: 270/270 MP: 36/37
 53369 | Crypt:3  | Found a staircase to the Tomb.
 53616 | Crypt:3  | Found a basalt altar of Yredelemnul.
 53680 | Crypt:3  | Received a gift from Okawaru
 53893 | Crypt:3  | Identified the Guide on Necromancy and the Glacier
 54009 | Crypt:3  | Identified the Grimoire of Evil Magic
 54075 | Crypt:3  | Noticed Margery
 54087 | Crypt:3  | Killed Margery
 54087 | Crypt:3  | Reached skill level 21 in Invocations
 54258 | Crypt:3  | Learned a level 4 spell: Dispel Undead
 54580 | Depths:2 | Voluntarily entered the Abyss.
 54609 | Abyss:1  | Got a pitted spear
 54712 | Abyss:1  | Found a roughly hewn altar of Beogh.
 54895 | Abyss:1  | Found a corrupted altar of Lugonu.
 55128 | Abyss:1  | Found a corrupted altar of Lugonu.
 55212 | Abyss:1  | Reached skill level 1 in Necromancy
 55480 | Abyss:1  | Gained mutation: You are clumsy. (Dex -2) [a neqoxec]
 55484 | Abyss:2  | Found a corrupted altar of Lugonu.
 55830 | Abyss:3  | Found a corrupted altar of Lugonu.
 55860 | Abyss:3  | Found a corrupted altar of Lugonu.
 55995 | Abyss:5  | Entered Level 5 of the Abyss
 56252 | Abyss:5  | Received a gift from Okawaru
 56259 | Abyss:5  | Got a slimy eveningstar
 56493 | Abyss:5  | Paralysed by accursed screaming for 2 turns
 56503 | Abyss:5  | Paralysed by accursed screaming for 1 turns
 56650 | Depths:2 | Escaped the Abyss
 56690 | Depths:2 | Identified the cursed +1 eveningstar "Pumuosah" {speed, rF+
                  | Dex+5 SInv} (You found it on level 5 of the Abyss)
 56695 | Depths:2 | Identified the +4 spear of Revolt {vorpal, rC+ Str+6} (You
                  | found it on level 1 of the Abyss)
 56795 | Depths:2 | Voluntarily entered the Abyss.
 56842 | Abyss:1  | Reached skill level 5 in Necromancy
 56884 | Abyss:1  | Found a corrupted altar of Lugonu.
 56916 | Depths:2 | Escaped the Abyss
 57013 | Depths:2 | Voluntarily entered the Abyss.
 57164 | Abyss:1  | Reached XP level 27. HP: 282/282 MP: 37/37
 57501 | Abyss:2  | Found a corrupted altar of Lugonu.
 57663 | Abyss:3  | Received a gift from Okawaru
 58168 | Abyss:3  | Reached skill level 22 in Invocations
 58175 | Abyss:3  | Got an abyssal rune of Zot
 58264 | Depths:2 | Escaped the Abyss
 58268 | Depths:2 | Found a bloodstained altar of Trog.
 58364 | Depths:2 | Found Rihas's Miraculous Elixirs.
 58444 | Depths:2 | Found Derios's General Store.
 58455 | Depths:2 | Received a gift from Okawaru
 58538 | Depths:2 | Bought a potion of mutation for 144 gold pieces
 58858 | Depths:2 | Identified the +6 hand axe of a treasure trove {vorpal,
                  | rElec rC+ Str+2} (You found it on level 2 of the Depths)
 58900 | Depths:2 | Found a radiant altar of Vehumet.
 59014 | Depths:2 | Found an ancient bone altar of Kikubaaqudgha.
 59182 | Depths:2 | Found The Legendary Bautsa's Legendary Smithy.
 59408 | Zot:1    | Entered Level 1 of the Realm of Zot
 59414 | Zot:1    | Found a huge runed gate.
 59414 | Zot:1    | Found a huge runed gate.
 59415 | Zot:1    | Found a huge runed gate.
 59427 | Zot:1    | Found a huge runed gate.
 59427 | Zot:1    | Found a huge runed gate.
 59427 | Zot:1    | Found a huge runed gate.
 59427 | Zot:1    | Found a huge runed gate.
 59433 | Zot:1    | Found a huge runed gate.
 59433 | Zot:1    | Found a huge runed gate.
 59441 | Zot:1    | Found a huge runed gate.
 59499 | Zot:1    | Noticed an orb of fire
 59511 | Zot:1    | Noticed an orb of fire
 59523 | Zot:1    | Noticed an orb of fire
 59531 | Zot:1    | Killed an orb of fire
 59555 | Zot:1    | Learned a level 5 spell: Summon Mana Viper
 59742 | Zot:1    | Received a gift from Okawaru
 59767 | Zot:1    | Reached skill level 1 in Summonings
 59813 | Zot:1    | Identified the +0 robe "Qackah" {rPois Str+2 Dex+4}
                  | (Okawaru gifted it to you on level 1 of the Realm of Zot)
 60214 | Zot:2    | Reached skill level 1 in Spellcasting
 60634 | Zot:2    | Received a gift from Okawaru
 60883 | Zot:2    | Identified the +8 chain mail of Minor Irritation {-Tele
                  | Harm Dex+9 Stlth+} (Okawaru gifted it to you on level 2 of
                  | the Realm of Zot)
 61161 | Zot:2    | Reached skill level 23 in Invocations
 61206 | Zot:2    | Identified the cursed +1 leather armour "Gera" {Int+2} (You
                  | found it on level 2 of the Realm of Zot)
 61211 | Zot:2    | Noticed an orb of fire
 61487 | Depths:5 | Found a runed translucent gate.
 61487 | Depths:5 | Found a runed translucent gate.
 61493 | Depths:5 | Noticed Deaus's ghost (adept VSFi)
 61494 | Depths:5 | Found a runed translucent gate.
 62353 | Vaults:3 | Bought the ring of Jeot {+Inv rN+++ EV+4 Int-5} for 1149
                  | gold pieces
 62628 | Pan      | Entered Pandemonium
 62682 | Pan      | Reached skill level 10 in Necromancy
 62741 | Pan      | Learned a level 1 spell: Summon Small Mammal
 63164 | Pan      | Reached skill level 5 in Summonings
 63558 | Pan      | Noticed Osonuumm the pandemonium lord
 63598 | Pan      | Received a gift from Okawaru
 63601 | Pan      | HP: 11/303 [Osonuumm the pandemonium lord/living lightning
                  | (8)]
 63602 | Pan      | Mangled by Osonuumm the pandemonium lord

Illustrated notes

Levels and vault maps discovered:
D:1:      saegor_arrival_simple_c, layout_loops_ring, palyth_stone_intersect
D:2:      layout_rooms, cheibriados_altar_1, uniq_natasha
D:3:      layout_rooms, lemuel_crystal_altar
D:4:      layout_cave_pools, minmay_starry_boxes
D:5:      layout_basic, serial_shops, shop_fountains
D:6:      layout_rooms, kennysheep_mini, serial_shops,
          nicolae_shop_temple_entry_statues_fountains
D:7:      layout_basic, old_standard_altar, minmay_temple_entry_wispy
D:8:      layout_rooms, lemuel_zombie_altar_yredelemnul, uniq_gastronok
D:9:      layout_gridville, nicolae_overflow_hidden_temple, david_lair_shrubbed,
          hiddenorc1_lemuel, serial_shops, nicolae_shop_window_shopping
D:10:     layout_big_octagon, uniq_erolcha
D:11:     layout_gridville, biasface_ghost_orc_armoury, grunt_decor_fettered,
          minmay_misc_feat_diagonals, minmay_misc_feat_columns
D:12:     layout_roguey [special_room_orc], serial_shops, shop,
          nicolae_shop_window_shopping, nicolae_shop_behind_doors, shop, shop,
          enter_bailey_2, ashenzari_altar_1
D:13:     minmay_wizard_corner, layout_long_grid, david_vaults_1,
          trove_entry_hex_spiral, worms_lemuel
D:14:     layout_loops_ring, corexii_leaking_fountain, special_room
          [special_room_bee], minmay_fountain_box, kennysheep_small_square
D:15:     gammafunk_depths_entry_grave, layout_basic
Temple:   eino_temple_rhombus
Lair:1:   layout_regular_city, minmay_shattered_shrine, grunt_megastairs_2
Lair:2:   layout_cave_pods, minmay_swamp_entry_reptiles,
          minmay_snake_entry_six_corridors
Lair:3:   layout_regular_city, fungi_pond_lemuel, st_stairs_13
Lair:4:   kb_forest_paths, layout_loops_ring
Lair:5:   layout_misc_corridors, basic_altar, minivault_23, minivault_19,
          columned_hall_lemuel
Lair:6:   evil_forest, layout_cave_pods, minmay_slime_entry_oklob_open,
          grunt_forest_large_clearing_hut
Swamp:1:  layout_basic_swamp, portal_ice_cave_entry_pillars_2,
          lemuel_altar_in_water
Swamp:2:  layout_falls_marsh, evilmike_swamp_ruin_house_3
Swamp:3:  gammafunk_worm_tunnel, layout_basic_swamp, serial_swamp_ruin,
          evilmike_swamp_ruin_house_4, evilmike_swamp_ruin_house_6,
          infiniplex_staircase_pool_2
Swamp:4:  grunt_swamp_rune_castle, layout_basic_swamp, swamp_pool1
Snake:1:  layout_onion, basic_altar
Snake:2:  layout_misc_corridors
Snake:3:  layout_gridlike, serial_bayou_pond_c, minmay_shoptagon, uniq_aizul,
          uniq_vashnia
Snake:4:  grunt_snake_rune_serpentine_throne, layout_cave_pods, drop_trap,
          uniq_nikola
Orc:1:    layout_caves, basic_altar, nicolae_orc_lost_temple, uniq_urug,
          uniq_maurice
Orc:2:    grunt_orc_community_town_hall, layout_caves,
          grunt_orc_community_big_house_1, grunt_orc_community_big_house_2,
          grunt_orc_community_house_1, grunt_orc_community_house_3,
          grunt_orc_community_house_3, grunt_orc_community_house_2, uniq_nessos
Elf:1:    layout_gridlike, serial_shops, nicolae_shop_trees,
          minmay_elf_necromancy, roderic_lattice_octagonal_star
Elf:2:    layout_geoelf_octagon, uniq_jorgrun, uniq_azrael, uniq_agnes
Elf:3:    elf_hall, layout_geoelf_diagonals, serial_shops, shop,
          statue_in_the_mist_lemuel, minmay_shop_star
Vaults:1: nicolae_vaults_halls_meeting, vaults_mumra_hex, v_pattern_1,
          nicolae_vaults_windows_and_doors_thing, vaults_room_hallway,
          ontoclasm_vaults_eye, ontoclasm_vaults_idyll, grunt_vaults_diagonal,
          vaults_room_pools, hangedman_vaults_maws, layout_vaults_omnigrid
Vaults:2: ebering_vaults_ghost_gozag, nicolae_vaults_inception_scallops,
          hangedman_vaults_unwind, vaults_dpeg_encased_lava,
          hangedman_vaults_stagger, v_rooms_4, minmay_crypt_entry_simple_box,
          hangedman_vaults_river_flow, vaults_mumra_lcd, v_misc_31,
          vaults_dpeg_diagonal, nicolae_vaults_asterisk,
          dpeg_vaults_monster_box, layout_vaults_maze_snakey
Vaults:3: v_rooms_1, hangedman_vaults_capsules, grunt_vaults_funnel,
          v_pattern_5, v_misc_29, v_misc_13, v_misc_15, nicolae_vaults_octagons,
          nicolae_vaults_network_square, hangedman_vaults_corner_blocks,
          nicolae_vaults_little_squares_1, nicolae_vaults_theta,
          nicolae_vaults_angled_halls, layout_vaults_ring, serial_shops,
          nicolae_shop_crystal, uniq_mennas, uniq_boris
Vaults:4: vaults_room_door_hall, grunt_vaults_swirl, kb_rosetta,
          vaults_room_door_hall, grunt_vaults_hallway_short,
          vaults_mumra_chevron, layout_vaults_chaotic_city, serial_shops, shop
Vaults:5: serial_shops, uniq_mara, uniq_bai_suzhen
Crypt:1:  layout_rooms, mu_enter_wizlab_6, lemuel_nasty_fountain
Crypt:2:  layout_rooms, basic_altar, grunt_ministairs_9, uniq_donald,
          uniq_saint_roka
Crypt:3:  church_of_pain_bobbens, layout_chaotic_city,
          tomb_entry_simple_bobbens, glass_columns_b, minivault_23,
          uniq_margery, uniq_xtahua
Depths:1: layout_forbidden_donut, minmay_misc_feat_tiny,
          grunt_hell_entry_demonic_statue,
          hangedman_abyss_or_decor_jellyfish_corner, minmay_door_square,
          fake_guardian_serpent_vault
Depths:2: grated_community_mu [grated_community_mu_vampire_home,
          grated_community_mu_giant_home, grated_community_mu_spellcaster_home,
          grated_community_mu_orcish_home, grated_community_mu_troll_home,
          grated_community_mu_taur_home, grated_community_mu_unbuilt_plot],
          layout_cave_pools, grunt_hell_entry_dis_mu, serial_column_ruins,
          column_ruins_grid_1, column_ruins_grid_1, column_ruins_columns_water,
          column_ruins_columns_dead_end, column_ruins_open_large, abyss_entry
Depths:3: minmay_the_grid_four_pointed_star
          [minmay_the_grid_triangle_9x9_flanged_cone,
          minmay_the_grid_triangle_9x9_swiss_cheese,
          minmay_the_grid_triangle_9x9_steps,
          minmay_the_grid_triangle_9x9_impossible_snake,
          minmay_the_grid_prize_shrinking_boxes], layout_honeycomb, hell_entry,
          pan_entry, fountainhead, minmay_staircase_statues, minmay_shop_grove
Depths:4: cheibrodos_quadrivalence, layout_small_grid, pf_hell_entry_tar_river,
          abyss_entry_small_statue_room, serial_shops,
          nicolae_shop_overgrown_old_shop, minmay_staircase_bubble,
          uniq_frederick
Depths:5: evilmike_zot_entry_argh, layout_basic, enter_ziggurat_f,
          pf_hell_entry_great_geh, ploomutoo_gammafunk_ghost_potion_laboratory,
          minmay_misc_feat_roman, eino_tiny_chamber
Hell
Zot:1:    grunt_zot_stairs_faceoff, layout_gridlike, door_vault
Zot:2:    hangedman_orp_of_zott, layout_misc_corridors,
          hangedman_zot_decor_unnerving_road
Pan:      grunt_pan_sceptre, layout_small_grid

Skill      XL: |  1  2  3  4  5  6  7  8  9 10 11 12 13 14 15 16 17 18 19 20 21 22 23 24 25 26 27 |
---------------+----------------------------------------------------------------------------------+-----
Axes           | 3 4 5 6 8 9 10 11 12 13 14 15 16 17 18 19 20 21 22 | 22.4
Armour         | 1 2 3 4 5 6 7 |  7.0
Dodging        | 3 4 5 6 7 8 9 10 11 12 13 | 13.2
Fighting       | 3 4 5 6 7 8 9 10 11 12 13 14 15 16 17 18 19 | 19.3
Evocations     | 2 3 5 6 8 9 11 12 | 12.4
Stealth        | 1 2 3 5 7 8 10 11 12 13 14 15 16 | 16.4
Shields        | 1 2 4 5 7 8 9 10 11 12 13 14 15 16 17 18 | 18.4
Throwing       | 2 |  2.4
Long Blades    | 1 2 |  2.6
Invocations    | 4 8 10 11 13 14 16 17 18 19 20 21 23 | 23.2
Hexes          | 4 6 8 9 10 11 12 13 14 15 | 15.8
Air Magic      | 4 6 8 |  8.4
Necromancy     | 5 10 | 10.2
Summonings     | 5 |  5.3
Spellcasting   | 1 |  1.3
Maces & Flails | |  0.4

Action                   |  1- 3 |  4- 6 |  7- 9 | 10-12 | 13-15 | 16-18 | 19-21 | 22-24 | 25-27 || total
-------------------------+-------+-------+-------+-------+-------+-------+-------+-------+-------++-------
Melee: War axe           |   142 |   192 |   393 |   769 |       |       |       |       |   352 ||  1848
       Hand axe          |       |       |       |    46 |   397 |       |       |       |       ||   443
       Scimitar          |       |       |       |     6 |    21 |    41 |       |       |       ||    68
       Broad axe         |       |       |       |       |   781 |  1176 |  1271 |  1340 |  2381 ||  6949
       Kick              |       |       |       |       |       |   638 |   709 |   788 |  1540 ||  3675
       Flail             |       |       |       |       |       |       |       |       |    18 ||    18
Throw: Throwing net      |       |     1 |       |       |       |       |       |       |       ||     1
       Boomerang         |       |       |       |    10 |       |       |       |     3 |       ||    13
 Cast: Silence           |       |       |       |       |       |       |       |       |    13 ||    13
Invok: Heroism           |       |       |       |     8 |    12 |    15 |     5 |     8 |    10 ||    58
 Abil: Evoke Invisibilit |       |       |     4 |    11 |    19 |     7 |    11 |     4 |       ||    56
       Evoke Flight      |       |       |       |       |       |       |       |     5 |       ||     5
       Stop Flying       |       |       |       |       |       |       |       |     3 |       ||     3
Evoke: Wand              |       |       |     1 |     6 |     1 |       |       |       |     7 ||    15
       Lightning rod     |       |       |       |       |       |       |     6 |       |     1 ||     7
       Condenser vane    |       |       |       |       |       |       |     2 |     2 |     4 ||     8
       Tin of tremorston |       |       |       |       |       |       |       |     3 |     1 ||     4
       Horn of Geryon    |       |       |       |       |       |       |       |       |     2 ||     2
       Box of beasts     |       |       |       |       |       |       |       |       |     1 ||     1
  Use: Potion            |     2 |       |       |       |       |       |       |     1 |     8 ||    11
       Scroll            |       |       |     4 |    21 |    18 |     9 |    18 |    11 |    25 ||   106
 Stab: Sleeping          |     1 |       |     3 |    15 |    24 |    59 |    37 |    22 |    41 ||   202
       Distracted        |       |     1 |     5 |     7 |    12 |    22 |    18 |    22 |    39 ||   126
       Invisible         |       |       |    18 |    64 |   149 |    48 |    80 |     7 |     2 ||   368
       Petrifying        |       |       |       |       |       |       |       |       |     4 ||     4
       Paralysed         |       |       |       |       |       |       |       |       |     1 ||     1
Armor: Leather armour    |    36 |    35 |    89 |    49 |    69 |    78 |    60 |    86 |    20 ||   522
       Ring mail         |       |       |       |       |       |       |     1 |       |       ||     1
       Storm dragon scal |       |       |       |       |       |       |       |       |    79 ||    79
       Quicksilver drago |       |       |       |       |       |       |       |       |   307 ||   307
Dodge: Dodged            |    97 |   130 |   225 |   241 |   434 |   469 |   389 |   503 |  1059 ||  3547
Block: Other             |    24 |    69 |    96 |       |       |       |       |       |       ||   189
       Buckler           |       |       |    73 |   518 |   657 |       |       |       |   900 ||  2148
       Reflection        |       |       |     1 |    34 |    42 |       |       |       |    55 ||   132
       Kite shield       |       |       |       |       |   186 |  1302 |   968 |  1184 |  1699 ||  5339
       Rpst.: Scimitar   |       |       |       |       |     1 |     6 |       |       |       ||     7

Table legend: (Time is in decaauts)
 A = Elapsed time spent in this place.
 B = Non-inter-level travel time spent in this place.
 C = Inter-level travel time spent in this place.
 D = Time resting spent in this place.
 E = Time spent auto-exploring this place.
 F = Levels seen in this place.
 G = Mean time per level.
                   A        B        C        D        E       F      G
               +--------+--------+--------+--------+--------+-----+--------+
         Total |  61932 |  55748 |   6184 |   3248 |  32155 |  68 |  910.8 |
       Dungeon |  18410 |  15766 |   2644 |   1426 |   9382 |  15 | 1227.3 |
        Temple |    184 |    137 |     47 |      0 |    134 |   1 |  184.0 |
          Lair |   5479 |   5136 |    343 |      0 |   3983 |   6 |  913.2 |
         Swamp |   3502 |   3211 |    291 |      0 |   2528 |   4 |  875.5 |
     Snake Pit |   3664 |   3430 |    234 |     69 |   2272 |   4 |  916.0 |
  Orcish Mines |   1385 |   1274 |    111 |      0 |    764 |   2 |  692.5 |
   Elven Halls |   3621 |   3366 |    255 |    145 |   1822 |   3 | 1207.0 |
        Vaults |   6925 |   6069 |    856 |     89 |   3565 |   5 | 1385.0 |
         Crypt |   2329 |   2246 |     83 |     20 |   1355 |   3 |  776.3 |
        Depths |   7728 |   6538 |   1190 |    720 |   3355 |   5 | 1545.6 |
          Hell |    597 |    578 |     19 |      0 |    242 |   1 |  597.0 |
           Zot |   1831 |   1724 |    107 |    378 |    482 |   2 |  915.5 |
         Abyss |   3923 |   3923 |      0 |    128 |   1618 |  13 |  301.8 |
   Pandemonium |    934 |    934 |      0 |    169 |    368 |   1 |  934.0 |
        Bailey |    297 |    297 |      0 |     55 |     48 |   1 |  297.0 |
      Ice Cave |    473 |    473 |      0 |      0 |    233 |   1 |  473.0 |
        Wizlab |    642 |    642 |      0 |     49 |      0 |   1 |  642.0 |
               +--------+--------+--------+--------+--------+-----+--------+

Top non-repeatable levels by time:
    D:13: 2343 daAuts
Depths:2: 2137 daAuts
Vaults:5: 1767 daAuts
    D:15: 1751 daAuts
Depths:5: 1626 daAuts
Depths:1: 1538 daAuts
     D:9: 1529 daAuts
   Elf:3: 1520 daAuts
Vaults:3: 1517 daAuts
     D:2: 1409 daAuts
Depths:3: 1368 daAuts
 Snake:4: 1363 daAuts
 Abyss:1: 1354 daAuts
Vaults:4: 1349 daAuts
    D:11: 1346 daAuts
